 Dungeon Crawl Stone Soup version 0.29-a0-553-g81b289dbe5 (webtiles) character file.

Game seed: 16272187423119946683

11 testman the Grave Robber (level 2, -1/20 HPs)
             Began as a Meteoran Wanderer on June 6, 2022.
             Slain by a jackal (2 damage)
             ... on level 1 of the Dungeon.
             The game lasted 00:03:22 (278 turns).

testman the Grave Robber (Meteoran Wanderer)         Turns: 278, Time: 00:03:22

Health: -1/20      AC:  2    Str: 13    XL:     2   Next: 52%
Magic:  3/6        EV: 11    Int: 15    God:
Gold:   30         SH:  0    Dex: 11    Spells: 4/5 levels left

rFire   . . .      SeeInvis .   f - +0 spear
rCold   . . .      Faith    .   (no shield)
rNeg    . . .      Spirit   .   c - +0 robe
rPois   .          Reflect  .   (no helmet)
rElec   .          Harm     .   h - scarf {repulsion}
rCorr   .          Rampage  .   (no gloves)
Will    .....                   (no boots)
Stlth   +.........              (no amulet)
HPRegen 0.06/turn               (no ring)
MPRegen 0.10/turn               (no ring)

@: glowing, repel missiles
A: sense surroundings 1, otherworldly, glowing, explore regen
a: no special abilities


You were on level 1 of the Dungeon.
You visited 1 branch of the dungeon, and saw 1 of its levels.

You collected 30 gold pieces.

Inventory:

Hand Weapons
 a - a +0 club
 f - a +0 spear (weapon)
Armour
 c - a +0 robe (worn)
 h - a scarf of repulsion (worn)
Scrolls
 b - a scroll of teleportation
 e - 3 scrolls of identify {unknown}
 g - a scroll of magic mapping {unknown}
 i - a scroll of torment {unknown}
Miscellaneous
 d - a piece from Xom's chessboard (15/15)


   Skills:
 - Level 1.2 Armour
 - Level 1.2 Dodging
 + Level 2.2 Spellcasting
 + Level 5.7 Necromancy
 - Level 1.2 Fire Magic
 - Level 1.2 Evocations


You had 4 spell levels left.
You knew the following spells:

 Your Spells              Type           Power      Damage    Failure   Level
a - Necrotize             Necr           72%        1d7       1%          1

Your spell library contained the following spells:

 Spells                   Type           Power      Damage    Failure   Level
 Foxfire                  Conj/Fire      12%        2x1d4     17%         1
 Dispel Undead            Necr           18%        3d11      21%         4
 Inner Flame              Hex/Fire       3%         N/A       45%         3
 Anguish                  Hex/Necr       5%         N/A       54%         4


Dungeon Overview and Level Annotations

Branches:
Dungeon (1/15)

Altars:


Innate Abilities, Weirdness & Mutations

You passively map a small area around you.
You are easily found by Zot.
You glow in the dark.
You regain HP and MP as you explore.


Message History

The jackal writhes in agony.
The kobold shouts!
The kobold throws a stone.
The stone hits you.
Aiming: Necrotize (safe; 1% risk of failure)
Press: ? - help, Q - select action, (/) - cycle Shift-Dir - straight line, f/p - jackal
Aim: a jackal (heavily wounded, chance to affect: 88%)
The jackal writhes in agony.
The jackal barely misses you.
You hit the jackal.
You kill the jackal!
A hobgoblin comes into view.
The hobgoblin shouts!
You hit the endoplasm.
The endoplasm is almost dead.
The endoplasm freezes you.
You are frozen.
The jackal bites you. The endoplasm freezes you.
You are frozen.
The jackal attacks as you move away! The jackal bites you.
The endoplasm attacks as you move away! The endoplasm hits you.
The endoplasm attacks as you move away! The endoplasm hits you.
The jackal attacks as you move away! The jackal bites you.
* * * LOW HITPOINT WARNING * * *
The jackal barely misses you. The endoplasm attacks as you move away!
The endoplasm completely misses you. The jackal barely misses you.
You closely miss the jackal.
The jackal bites you but does no damage.
You closely miss the jackal. The jackal barely misses you.
The jackal misses you.
You barely miss the jackal. The jackal bites you.
* * * LOW HITPOINT WARNING * * *
Aiming: Necrotize (safe; 1% risk of failure)
Press: ? - help, Q - select action, (/) - cycle Shift-Dir - straight line, f - jackal
Aim: a jackal (chance to affect: 88%)
The jackal writhes in agony.
The jackal bites you.
* * * LOW HITPOINT WARNING * * *
The jackal bites you.
You die...

#...............#
#####.......###.#
* ............#
#.# ,
.####.......# #.#
. .#**#....(..#
#.##########.. .#
#.......#
#.##.........., ,
.#.##.......#
#.##..........
.#.##.......#
#.##K.........
.#.##.......
#.@hJ.?.......,
.#.#).....#
####g......... *
.#.#......#
#..........*
.#.#......#
###########* *
..........#
###.##
..........#
#..Z)#
#.........#
##.#Z# ###
####......# #.Z.#
#..#* #
#.....†### ##.##
##...#


You could see an endoplasm, a jackal, a hobgoblin and a kobold.

Vanquished Creatures
  A dart slug (D:1)
  3 goblins (D:1)
  A hobgoblin (D:1)
  A jackal (D:1)
  A frilled lizard (D:1)
  A rat (D:1)
8 creatures vanquished.

Notes
Turn   | Place    | Note
-------+----------+-------------------------------------------
     0 | D:1      | testman the Meteoran Wanderer began the quest for the Orb.
     0 | D:1      | testman set off with the following items: a +0 club, a
                  | scroll of teleportation, a +0 robe, a piece from Xom's
                  | chessboard (15/15); and the following spells available to
                  | memorise: Necrotize, Foxfire, Dispel Undead, Inner Flame,
                  | Anguish
     0 | D:1      | Reached XP level 1. HP: 14/14 MP: 3/3
     2 | D:1      | Learned a level 1 spell: Necrotize
   139 | D:1      | Reached XP level 2. HP: 5/20 MP: 0/5
   278 | D:1      | HP: 1/20 [jackal (1)]
   278 | D:1      | Slain by a jackal

Illustrated notes

Levels and vault maps discovered:
D:1:      dpeg_cavernosity, layout_basic, minmay_tripent

Skill      XL: |  1  2 |
---------------+-------+-----
Spellcasting   | 2 |  2.2
Armour         | |  1.2
Dodging        | |  1.2
Necromancy     | |  5.7
Fire Magic     | |  1.2
Evocations     | |  1.2

Action                   || total
-------------------------++-------
Melee: Spear             ||    15
 Cast: Necrotize         ||    12
Armor: Robe              ||     2
Dodge: Dodged            ||     8

Table legend: (Time is in decaauts)
 A = Elapsed time spent in this place.
 B = Non-inter-level travel time spent in this place.
 C = Inter-level travel time spent in this place.
 D = Time resting spent in this place.
 E = Time spent auto-exploring this place.
 F = Levels seen in this place.
 G = Mean time per level.
                   A        B        C        D        E       F      G
               +--------+--------+--------+--------+--------+-----+--------+
         Total |    279 |    279 |      0 |      0 |    162 |   1 |  279.0 |
       Dungeon |    279 |    279 |      0 |      0 |    162 |   1 |  279.0 |
               +--------+--------+--------+--------+--------+-----+--------+

Top non-repeatable levels by time:
     D:1: 279 daAuts
